 Seeded DCSS version 0.30.1-8-g117510f58f (webtiles) character file.

Game seed: 15281539567716681188 (custom seed)

44 Psyclone the Conjurer (level 3, -1/19 HPs)
             Began as a Deep Elf Conjurer on Sept 22, 2023.
             Killed from afar by Natasha (6 damage)
             ... with a magic dart
             ... on level 3 of the Dungeon.
             The game lasted 00:04:58 (2139 turns).

Psyclone the Conjurer (Deep Elf Conjurer)           Turns: 2139, Time: 00:04:58

Health: -1/19      AC:  4    Str:  4    XL:     3   Next: 41%
Magic:  2/10       EV: 12    Int: 24    God:
Gold:   173        SH:  0    Dex: 13    Spells: 7/10 levels left

rFire   . . .        i - +0 dagger
rCold   . . .        (no shield)
rNeg    . . .        a - +0 robe
rPois   .            (no helmet)
rElec   .            (no cloak)
rCorr   .            (no gloves)
SInv    .            m - +1 pair of boots
Will    .....        (no amulet)
Stlth   ++           (no ring)
HPRegen 0.23/turn    (no ring)
MPRegen 0.12/turn

%: no passive effects
@: no status effects
A: no striking features
a: no special abilities


You were on level 3 of the Dungeon.
You visited 1 branch of the dungeon, and saw 3 of its levels.

You collected 173 gold pieces.

Inventory:

Hand Weapons
 i - a +0 dagger (weapon)
Armour
 a - a +0 robe (worn)
 m - a +1 pair of boots (worn)
Scrolls
 c - 3 scrolls of teleportation {unknown}
 e - a scroll of brand weapon {unknown}
 f - a scroll of acquirement {unknown}
 j - a scroll of fog {unknown}
 k - 2 scrolls of magic mapping {unknown}
 l - 2 scrolls of fear {unknown}
 o - 3 scrolls of summoning {unknown}
 p - a scroll of identify {unknown}
 q - a scroll of enchant weapon {unknown}
 s - a scroll of vulnerability {unknown}
Potions
 b - a potion of magic
 d - a potion of heal wounds {unknown}
 g - 2 potions of brilliance {unknown}
 h - a potion of cancellation {unknown}
 n - a potion of mutation {unknown}
 r - 2 potions of berserk rage {unknown}


   Skills:
 - Level 2.4 Dodging
 - Level 2.4 Stealth
 + Level 4.3 Spellcasting
 + Level 5.1 Conjurations


You had 7 spell levels left.
You knew the following spells:

 Your Spells              Type           Power      Damage    Failure   Level
a - Magic Dart            Conj           100%       1d8       1%          1
b - Searing Ray           Conj           58%        2d6       1%          2

Your spell library contained the following spells:

 Spells                   Type           Power      Damage    Failure   Level
 Dazzling Flash           Conj/Hex       34%        N/A       10%         3
 Fulminant Prism          Conj/Hex       8%         3d7       32%         4
 Iskenderun's Mystic Bla  Conj/Tloc      17%        2d5       32%         4


Dungeon Overview and Level Annotations

Branches:
Dungeon (3/15) Zot: 15861

Altars:

Annotations:
D:3 Natasha


Message History

Confirm with . or Enter, or press ? or * to list all spells.
Aiming: Magic Dart (safe; 1% risk of failure)
Press: ? - help, Shift-Dir - straight line, f - Natasha
Aim: Natasha (asleep, 100% to hit)
The magic dart hits Natasha.
Natasha is lightly wounded.
Natasha casts a spell at you. The magic dart hits you!
You take 8 damage, and have 11/19 hp.
MASSIVE DAMAGE!!
You now have 9/10 mp.
Casting: Magic Dart (safe; 1% risk of failure)
Confirm with . or Enter, or press ? or * to list all spells.
Aiming: Searing Ray (safe; 1% risk of failure)
Press: ? - help, Shift-Dir - straight line, f/p - Natasha
Aim: Natasha (lightly wounded, 74% to hit)
The searing ray hits Natasha.
Natasha is moderately wounded. (Press . to maintain the ray.) Natasha mumbles some strange words.
You feel disoriented.
You now have 7/10 mp.
The searing ray misses Natasha.
Natasha closely misses you.
The searing ray misses Natasha.
Natasha claws you but does no damage.
You now have 6/10 mp.
Casting: Searing Ray (safe; 1% risk of failure)
Confirm with . or Enter, or press ? or * to list all spells.
Restarting spell: Searing Ray (safe; 1% risk of failure)
Press: ? - help, Shift-Dir - straight line, f/p - Natasha
Aim: Natasha (moderately wounded, 74% to hit)
The searing ray misses Natasha. (Press . to maintain the ray.) Natasha claws you!
* * * LOW HITPOINT WARNING * * *
You take 8 damage, and have 5/19 hp.
MASSIVE DAMAGE!!
You now have 4/10 mp.
The searing ray misses Natasha.
Natasha claws you but does no damage.
You now have 3/10 mp.
The searing ray hits Natasha!
Natasha is almost dead.
Natasha stares at you and mumbles some strange words.
The magic dart hits you.
You die...

#.<........#.............#
##...#..##.##......#.....##
.... #..........########..
.....#......^...# ##.
#...#..........# . .
##..............# h?
#...##..>.#######...
..#.....#### #.... .
##......@##..#
.....#.##..h..#
....)..#............
.#.....#.........###
....................
.......#............
......############. ... ###


You could see Natasha.

Vanquished Creatures
  A worm (D:2)
  4 endoplasms
  4 giant cockroaches
  A goblin (D:3)
  5 hobgoblins
  3 jackals
  3 quokkas
  2 ball pythons
  A bat (D:3)
  4 frilled lizards
  2 kobolds
  9 rats
39 creatures vanquished.

Notes
Turn   | Place    | Note
-------+----------+-------------------------------------------
     0 | D:1      | Psyclone the Deep Elf Conjurer began the quest for the Orb.
     0 | D:1      | Reached XP level 1. HP: 10/10 MP: 6/6
   326 | D:1      | Reached XP level 2. HP: 15/15 MP: 2/8
   389 | D:1      | Learned a level 2 spell: Searing Ray
  1227 | D:2      | Reached skill level 5 in Conjurations
  1227 | D:2      | Reached XP level 3. HP: 19/19 MP: 5/10
  2127 | D:3      | Noticed Natasha
  2139 | D:3      | Killed from afar by Natasha

Illustrated notes

Levels and vault maps discovered:
D:1:      dpeg_arrival_ratfight, layout_loops_ring
D:2:      layout_loops_ring, minmay_circled_x
D:3:      layout_rooms, nicolae_gozag_zags_fifth_avenue,
          kennysheep_generic_room_3, uniq_natasha

Skill      XL: |  1  2 |
---------------+-------+-----
Spellcasting   | 4 |  4.3
Conjurations   | 5 |  5.1
Dodging        | |  2.4
Stealth        | |  2.4

Action                     || total
---------------------------++-------
   Cast: Magic Dart        ||    75
         Searing Ray       ||     2
 Armour: Robe              ||     2
  Dodge: Dodged            ||     3
